 Dungeon Crawl Stone Soup version 0.27-a0-1287-gca74d27db6 (webtiles) character file.

Game seed: 2416161125792757011

114739 lunkers the Devastator (level 16, -30/96 HPs)
             Began as a Deep Elf Air Elementalist on June 11, 2021.
             Was a High Priest of Vehumet.
             Blew themself up (84 damage)
             ... with an orb of destruction
             ... on level 4 of the Shoals on June 14, 2021.
             The game lasted 01:08:20 (43293 turns).

lunkers the Devastator (Deep Elf Air Elementalist) Turns: 43293, Time: 01:08:21

Health: -30/96     AC: 11    Str:  5    XL:     16   Next: 17%
Magic:  12/38      EV: 11    Int: 37    God:    Vehumet [*****.]
Gold:   274        SH:  5    Dex: 15    Spells: 11/47 levels left

rFire    . . .     SeeInvis .   a - staff of conjuration
rCold    . . .     Faith    .   O - +0 buckler
rNeg     . . .     Spirit   .   Y - +0 troll leather armour
rPois    .         Reflect  .   B - +2 helmet {Int+3}
rElec    .         Harm     .   d - scarf {repulsion}
rCorr    .         Rampage  .   x - +0 pair of gloves
Will     +....                  P - +2 pair of boots
Stlth    ++++......             (no amulet)
HPRegen  1.26/turn              Q - +6 ring of intelligence
MPRegen  0.26/turn              W - ring of flight

@: flying, repel missiles
A: no striking features
a: Renounce Religion


You were on level 4 of the Shoals.
You worshipped Vehumet.
Vehumet was extremely pleased with you.
You visited 5 branches of the dungeon, and saw 27 of its levels.
You also visited: Ice Cave.

You collected 2436 gold pieces.
You spent 2162 gold pieces at shops.

Inventory:

Hand Weapons
 b - the +8 hunting sling of the Muttering Priest {flame, rPois rF++ rCorr Dex-3}
   (You bought it in a shop on level 2 of the Orcish Mines)

   It causes projectiles fired from it to burn those they strike, causing extra
   injury to most foes and up to half again as much damage against particularly
   susceptible opponents.
   It affects your dexterity (-3).
   It greatly protects you from fire.
   It protects you from poison.
   It protects you from acid and corrosion.
 C - the +8 scimitar "Yphuegei" {holy, *Rage rC- Str+3 Int+5}
   (You bought it in a shop on level 2 of the Shoals)

   It has been blessed by the Shining One to cause great damage to the undead
   and demons.
   It affects your strength (+3).
   It affects your intelligence (+5).
   It makes you vulnerable to cold.
   It may make you go berserk in combat.
 X - the +7 flail of Prudence {elec, +Blink rF+ Will+ Dex-4}
   (You bought it in a shop on level 2 of the Orcish Mines)

   Occasionally, upon striking a foe, it can discharge electrical energy and
   cause terrible harm.
   It affects your dexterity (-4).
   It protects you from fire.
   It lets you blink.
   It increases your willpower.
Missiles
 h - 8 curare-tipped darts
 j - 3 atropa-tipped darts
 w - 5 boomerangs of dispersal
 M - 7 throwing nets
Armour
 d - a scarf of repulsion (worn)
 x - a +0 pair of gloves (worn)
 B - a +2 helmet of intelligence (worn)
 O - a +0 buckler (worn)
 P - a +2 pair of boots (worn)
 Y - a +0 troll leather armour (worn)
Magical Staves
 a - a staff of conjuration (weapon)
Jewellery
 l - a ring of positive energy
 E - a ring of ice
 H - an amulet of guardian spirit
 Q - a +6 ring of intelligence (left hand)
 W - a ring of flight (right hand)
 Z - a +6 ring of dexterity
Wands
 m - a wand of flame (131)
 o - a wand of acid (29)
 t - a wand of paralysis (19)
 u - a wand of digging (13)
 G - a wand of iceblast (31)
 K - a wand of polymorph (4)
 R - a wand of charming (22)
 U - a wand of mindburst (14)
Scrolls
 c - 8 scrolls of magic mapping
 g - 2 scrolls of brand weapon
 n - 2 scrolls of fog
 s - a scroll of holy word
 v - 7 scrolls of teleportation
 y - 4 scrolls of fear
 z - 12 scrolls of identify
 F - 4 scrolls of vulnerability
 J - a scroll of enchant armour
 L - 2 scrolls of amnesia
 N - 6 scrolls of blinking
 V - 4 scrolls of enchant weapon
Potions
 e - 3 potions of flight
 f - 11 potions of attraction
 i - 5 potions of brilliance
 k - 10 potions of might
 p - 10 potions of curing
 q - 6 potions of heal wounds
 A - a potion of magic
 D - 5 potions of haste
 I - 6 potions of ambrosia
 S - a potion of berserk rage
 T - 3 potions of lignification
Miscellaneous
 r - a phial of floods


   Skills:
 + Level 9.7 Fighting
 - Level 2.4 Dodging
 + Level 9.6 Stealth
 - Level 4.0 Shields
 + Level 16.0 Spellcasting
 * Level 18.3 Conjurations
 - Level 5.2 Summonings
 - Level 13.3 Air Magic


You had 11 spell levels left.
You knew the following spells:

 Your Spells              Type           Power      Damage    Failure   Level
a - Airstrike             Air            45%        N/A       1%          4
b - Static Discharge      Conj/Air       100%       N/A       0%          2
c - Swiftness             Air            91%        N/A       1%          3
d - Iron Shot             Conj/Erth      49%        9d9       1%          6
e - Lightning Bolt        Conj/Air       60%        1d83      1%          5
f - Orb of Destruction    Conj           64%        9d17      1%          7
g - Corpse Rot            Necr/Air       N/A        N/A       1%          2
h - Spellforged Servitor  Conj/Summ      54%        N/A       3%          7

Your spell library contained the following spells:

 Spells                   Type           Power      Damage    Failure   Level
 Lee's Rapid Deconstruct  Erth           14%        3d10*     14%         5
 Shock                    Conj/Air       100%       1d9       0%          1
 Ignite Poison            Fire/Tmut/Pois 29%        N/A       1%          3
 Bolt of Magma            Conj/Fire/Erth 42%        4d18      1%          5
 Fireball                 Conj/Fire      49%        3d19      1%          5
 Iskenderun's Battlesphe  Conj           100%       2d15      1%          5
 Starburst                Conj/Fire      49%        8x6d13    1%          6
 Sublimation of Blood     Necr           14%        N/A       3%          2
 Dispel Undead            Necr           29%        3d13      19%         4
 Agony                    Necr           29%        N/A       47%         5
 Excruciating Wounds      Necr           14%        N/A       47%         5
 Ignition                 Fire           14%        3d6       100%        8


Dungeon Overview and Level Annotations

Branches:
Dungeon (14/15)            Temple (1/1) D:5            Lair (6/6) D:11
 Shoals (4/4) Lair:4       Spider (0/4) Lair:3        Slime (0/5) Lair:6
    Orc (2/2) D:10            Elf (0/3) Orc:2        Vaults (0/5) D:14
  IceCv (visited)

Altars:
Ashenzari
Cheibriados
Dithmenos
Elyvilon
Fedhas
Gozag
Hepliaklqana
Kikubaaqudgha
Makhleb
Nemelex Xobeh
Okawaru
Qazlal
Ru
Sif Muna
Trog
Uskayaw
Vehumet
Wu Jian
Xom
Yredelemnul
Zin
The Shining One
Jiyva

Shops:
D:8 *   D:10 (   D:12 *[**   Orc:1 *(   Orc:2 (?((   Shoals:2 ((

Portals:
Trove: D:13 (give horn of Geryon)

Annotations:
D:3 3 runed translucent doors, jasper's ghost, amateur DjWz
D:11 2 transporters, mordus's ghost, novice FeCj
D:13 3 runed translucent doors, Orlauf's ghost, journeyman DsGl
Orc:1 2 runed translucent doors, exclusion: orange crystal statue


Message History

The air twists around and strikes the snapping turtle!!
The snapping turtle hisses angrily.
The snapping turtle is moderately wounded.
Casting: Airstrike (safe; 1% risk of failure)
Confirm with . or Enter, or press ? or * to list all spells.
Aiming: Orb of Destruction (dangerous; 1% risk of failure)
Press: ? - help, Shift-Dir - straight line, f/p - snapping turtle
Aim: a snapping turtle (moderately wounded)
You feel a surge of power!
Casting: Orb of Destruction (dangerous; 1% risk of failure)
Confirm with . or Enter, or press ? or * to list all spells.
The air twists around and strikes the snapping turtle but does no damage.
The snapping turtle bites you from afar!
Casting: Airstrike (safe; 1% risk of failure)
Confirm with . or Enter, or press ? or * to list all spells.
The air twists around and strikes the snapping turtle!
The snapping turtle is heavily wounded.
The snapping turtle barely misses you.
Casting: Airstrike (safe; 1% risk of failure)
Confirm with . or Enter, or press ? or * to list all spells.
The air twists around and strikes the snapping turtle!!
The snapping turtle is severely wounded.
The snapping turtle bites you from afar!
Casting: Airstrike (safe; 1% risk of failure)
Confirm with . or Enter, or press ? or * to list all spells.
The air twists around and strikes the snapping turtle!
The snapping turtle is almost dead.
The snapping turtle bites you from afar!!
* * * LOW HITPOINT WARNING * * *
Casting: Airstrike (safe; 1% risk of failure)
Confirm with . or Enter, or press ? or * to list all spells.
Aiming: Airstrike (safe; 1% risk of failure)
Press: ? - help, Dir - move target, f/p - snapping turtle
Aim: a snapping turtle (almost dead, ally target)
The air twists around and strikes the snapping turtle!
You kill the snapping turtle!
Vehumet accepts your kill.
You feel your power returning. The orb of destruction hits you!!!!
Ouch! That really hurt!
You die...

....# #..≈..
≈≈..###...≈≈≈
≈≈......≈≈≈)
≈≈≈...≈≈≈≈≈
≈≈≈≈≈≈≈≈≈≈
.≈≈†≈≈≈≈≈
#.≈≈≈≈≈≈≈
#@≈≈≈≈≈≈≈
≈≈≈≈≈...○≈≈≈≈≈≈
≈≈≈≈≈≈≈≈≈○○≈≈≈≈
≈≈≈≈≈≈≈≈≈≈≈○○°≈
≈≈≈≈≈≈≈≈≈≈≈≈≈≈≈
≈≈≈≈≈≈≈≈≈≈≈≈≈≈≈
###############


There were no monsters in sight!

Vanquished Creatures
  Nikola (Shoals:2)
  Frances (Shoals:2)
  Kirke (Lair:5)
  Donald (Shoals:3)
  Snorg (D:14)
  A fire dragon (Lair:5)
  Erolcha (D:13)
  2 merfolk impalers (Shoals:1)
  The ghost of dickylongcocking the Fighter, a journeyman DsGl of Makhleb (D:12)
  Fannar (Orc:1)
  3 boulder beetles
  Harold (D:11)
  9 hydras
  A catoblepas (Lair:3)
  6 two-headed ogres
  A centaur warrior (D:14)
  A merfolk avatar (Shoals:2)
  11 death yaks
  An alligator (Lair:5)
  3 orc high priests (Orc:2)
  Sonja (Lair:5)
  Urug (Orc:2)
  Nergalle (Lair:1)
  6 sea snakes
  3 harpies (Shoals:3)
  5 orc knights
  2 deep elf zephyrmancers (D:14)
  Pikel (D:6)
  3 ugly things
  A lindwurm (Lair:5)
  4 orc sorcerers (Orc:2)
  4 fauns (Shoals:1)
  4 cyclopes
  5 manticores
  2 ice statues (IceCv)
  3 black mambas (Lair:6)
  Maurice (D:11)
  9 elephants
  A water nymph (Shoals:3)
  2 unseen horrors (D:12)
  11 cane toads
  2 gargoyles
  8 komodo dragons
  A freezing wraith (D:11)
  15 rime drakes
  A queen bee (Lair:3)
  6 trolls
  9 merfolk
  4 polar bears
  A jumping spider (Lair:3)
  Prince Ribbit (D:5)
  5 wind drakes
  3 hornets (Lair:6)
  10 dream sheep
  3 snapping turtles
  9 blink frogs
  Sigmund (D:2)
  A centaur simulacrum (D:14)
  6 wraiths
  31 yaks
  10 spriggans (Lair:6)
  3 water elementals
  6 wyverns
  7 hogs
  3 basilisks
  Eustachio (D:5)
  7 steam dragons (Lair:5)
  5 vampire mosquitoes
  A warg (Orc:2)
  2 acid dragons (D:12)
  19 water moccasins
  20 orc warriors
  8 ice beasts
  2 sky beasts
  36 wolves
  5 black bears
  5 ogres
  4 boggarts (Lair:6)
  7 centaurs
  3 lemures (D:6)
  2 kobold brigands
  2 gnoll sergeants
  9 bullfrogs
  2 scorpions (D:5)
  3 wyvern zombies
  38 killer bees
  3 howler monkeys
  6 jellies
  An electric eel (D:11)
  5 centaur zombies
  A bullfrog zombie (D:7)
  13 orc priests
  A centaur skeleton (D:7)
  4 hounds
  Crazy Yiuf (D:5)
  2 bullfrog skeletons
  A gnoll shaman (D:6)
  3 iguanas
  14 orc wizards
  2 human simulacra (D:13)
  A howler monkey zombie (D:7)
  Robin (D:2)
  18 gnolls
  5 adders
  A river rat (Lair:3)
  A white imp (D:6)
  4 ufetubi
  3 adder skeletons
  4 dart slugs
  49 orcs
  9 endoplasms
  5 giant cockroaches
  19 goblins
  10 hobgoblins
  8 kobolds
  6 ball pythons
  6 bats
  A frilled lizard (D:1)
  A giant cockroach zombie (D:2)
  2 jackal skeletons (D:2)
  3 rats
659 creatures vanquished.

Vanquished Creatures (collateral kills)
  2 merfolk impalers (Shoals:2)
  7 sea snakes
  3 cyclopes
  10 fauns
  11 manticores
  2 merfolk sirens
  2 water nymphs
  10 merfolk
  2 wind drakes
  4 snapping turtles
  6 dream sheep
  A nameless horror (Shoals:2)
60 creatures vanquished.

Vanquished Creatures (others)
  A merfolk siren (Shoals:2)
  A nameless horror (Shoals:2)
  An orc priest (Orc:2)
  62 fungi
  83 plants
  5 withered plants (D:2)
153 creatures vanquished.

Grand Total: 872 creatures vanquished

Notes
Turn   | Place    | Note
-------+----------+-------------------------------------------
     0 | D:1      | lunkers the Deep Elf Air Elementalist began the quest for
                  | the Orb.
     0 | D:1      | Reached XP level 1. HP: 10/10 MP: 6/6
   260 | D:1      | Reached XP level 2. HP: 13/15 MP: 4/8
   432 | D:1      | Learned a level 2 spell: Static Discharge
   615 | D:1      | Reached skill level 2 in Conjurations
   868 | D:1      | Reached XP level 3. HP: 19/19 MP: 7/9
  1171 | D:2      | Noticed Sigmund
  1176 | D:2      | Killed Sigmund
  1177 | D:2      | Reached skill level 3 in Conjurations
  1177 | D:2      | Reached XP level 4. HP: 23/24 MP: 0/12
  1177 | D:2      | Reached XP level 5. HP: 26/28 MP: 0/13
  1285 | D:2      | Learned a level 3 spell: Swiftness
  1290 | D:2      | Learned a level 4 spell: Airstrike
  1656 | D:2      | Reached skill level 4 in Conjurations
  1847 | D:2      | Noticed an ogre
  1853 | D:2      | Killed an ogre
  1854 | D:2      | Reached skill level 5 in Air Magic
  1854 | D:2      | Reached XP level 6. HP: 30/32 MP: 6/15
  2663 | D:2      | Noticed Robin
  2666 | D:2      | Killed Robin
  3032 | D:3      | Found a runed translucent gate.
  3032 | D:3      | Found a runed translucent gate.
  3032 | D:3      | Found a runed translucent gate.
  3039 | D:3      | Noticed jasper's ghost (amateur DjWz)
  3050 | D:3      | Reached skill level 5 in Spellcasting
  3088 | D:3      | Noticed an orc warrior
  3215 | D:3      | Killed an orc warrior
  3216 | D:3      | Reached skill level 5 in Conjurations
  3216 | D:3      | Reached XP level 7. HP: 16/36 MP: 4/16
  3470 | D:3      | Learned a level 5 spell: Lightning Bolt
  4088 | D:3      | Found a faded altar of an unknown god.
  4671 | D:4      | Found a burning altar of Makhleb.
  4944 | D:5      | Entered Level 5 of the Dungeon
  5353 | D:5      | Found a staircase to the Ecumenical Temple.
  5383 | Temple   | Entered the Ecumenical Temple
  5477 | Temple   | Became a worshipper of Vehumet
  5664 | D:5      | Reached skill level 6 in Conjurations
  5841 | D:5      | Reached XP level 8. HP: 33/41 MP: 11/19
  5934 | D:5      | Noticed Prince Ribbit
  5934 | D:5      | Noticed Eustachio
  5947 | D:5      | Killed Prince Ribbit
  6073 | D:5      | Found a runed translucent door.
  6074 | D:5      | Noticed Crazy Yiuf
  6120 | D:5      | Killed Eustachio
  6121 | D:5      | Reached skill level 7 in Conjurations
  6711 | D:5      | Killed Crazy Yiuf
  7677 | D:6      | Noticed Pikel
  7688 | D:6      | Killed Pikel
  7689 | D:6      | Reached skill level 8 in Conjurations
  7689 | D:6      | Reached XP level 9. HP: 31/45 MP: 12/22
  8810 | D:7      | Reached skill level 9 in Conjurations
  9073 | D:7      | Reached skill level 1 in Fighting
  9321 | D:7      | Reached * piety under Vehumet
  9321 | D:7      | Offered knowledge of Sandblast by Vehumet.
  9955 | D:8      | Found Muyr's Assorted Antiques.
  9961 | D:8      | Bought a distressingly furry robe for 114 gold pieces
  9961 | D:8      | Identified the +2 robe "Xuememum" {rF+} (You bought it in a
                  | shop on level 8 of the Dungeon)
 10131 | D:8      | Found a blossoming altar of Fedhas.
 10149 | D:8      | HP: 2/48 [poisoned by a killer bee]
 10695 | D:8      | Found a shadowy altar of Dithmenos.
 10909 | D:8      | Reached XP level 10. HP: 53/53 MP: 16/24
 11737 | D:9      | Found a glowing silver altar of Zin.
 11938 | D:9      | Reached skill level 10 in Conjurations
 12448 | D:10     | Entered Level 10 of the Dungeon
 13105 | D:10     | Reached skill level 10 in Air Magic
 13289 | D:10     | Found a staircase to the Orcish Mines.
 13295 | D:10     | Found Isiv's Weapon Shop.
 14266 | D:11     | Noticed a two-headed ogre
 14297 | D:11     | Noticed a boulder beetle
 14304 | D:11     | Killed a two-headed ogre
 14309 | D:11     | Noticed Harold
 14312 | D:11     | Noticed a gargoyle
 14600 | D:11     | Reached skill level 11 in Conjurations
 14866 | D:11     | Killed a boulder beetle
 15001 | D:11     | Found a transporter.
 15001 | D:11     | Noticed mordus's ghost (novice FeCj)
 15006 | D:11     | Found a transporter.
 15032 | D:11     | Offered knowledge of Foxfire by Vehumet.
 15093 | D:11     | Reached skill level 10 in Spellcasting
 15093 | D:11     | Reached XP level 11. HP: 60/60 MP: 15/27
 15143 | D:11     | Noticed an eight-headed hydra
 15161 | D:11     | Killed an eight-headed hydra
 15177 | D:11     | Reached ** piety under Vehumet
 15357 | D:11     | Found a staircase to the Lair.
 15557 | D:11     | Killed Harold
 16351 | D:11     | Noticed a two-headed ogre
 16352 | D:11     | Noticed Maurice
 16361 | D:11     | Noticed a red ugly thing
 16494 | D:11     | Noticed an orc knight
 16495 | D:11     | Killed a two-headed ogre
 16500 | D:11     | Reached skill level 12 in Conjurations
 16500 | D:11     | Killed an orc knight
 16500 | D:11     | Killed Maurice
 17151 | D:11     | Upgraded the game from 0.27-a0-1273-gec92ba881d to
                  | 0.27-a0-1281-ge233d83751
 17297 | Lair:1   | Entered Level 1 of the Lair of Beasts
 17848 | Lair:1   | Noticed a five-headed hydra
 17854 | Lair:1   | Killed a five-headed hydra
 17986 | Lair:1   | Noticed Nergalle
 17996 | Lair:1   | Killed Nergalle
 18887 | Lair:2   | Reached skill level 5 in Fighting
 18887 | Lair:2   | Reached XP level 12. HP: 68/68 MP: 12/29
 19863 | Lair:3   | Noticed a boulder beetle
 19874 | Lair:3   | Killed a boulder beetle
 19875 | Lair:3   | Reached skill level 13 in Conjurations
 20672 | Lair:3   | Offered knowledge of Dazzling Flash by Vehumet.
 21109 | Lair:3   | Reached *** piety under Vehumet
 21125 | Lair:3   | HP: 2/69 [poisoned by a cane toad]
 21457 | Lair:3   | Found a hole to the Spider Nest.
 21469 | Lair:3   | Reached skill level 5 in Stealth
 21696 | Lair:3   | Learned a level 7 spell: Orb of Destruction
 21888 | Lair:3   | Noticed a death yak
 21888 | Lair:3   | Noticed a death yak
 21900 | Lair:3   | Killed a death yak
 21948 | Lair:3   | Noticed a death yak
 21958 | Lair:3   | Killed a death yak
 21958 | Lair:3   | Offered knowledge of Mephitic Cloud by Vehumet.
 21993 | Lair:3   | Killed a death yak
 22286 | Lair:3   | Learned a level 5 spell: Iskenderun's Battlesphere
 22727 | Lair:3   | Reached XP level 13. HP: 74/74 MP: 7/31
 23081 | Lair:3   | Reached skill level 14 in Conjurations
 23320 | Lair:4   | Found a staircase to the Shoals.
 25326 | Lair:4   | Reached **** piety under Vehumet
 25923 | Lair:5   | Offered knowledge of Hailstorm by Vehumet.
 25924 | Lair:5   | Reached skill level 15 in Conjurations
 27076 | Lair:5   | Noticed a fire dragon
 27081 | Lair:5   | Killed a fire dragon
 27357 | Lair:5   | Reached XP level 14. HP: 81/82 MP: 19/33
 27597 | Lair:5   | Noticed Sonja
 27599 | Lair:5   | Killed Sonja
 28043 | Lair:5   | Noticed Kirke
 28557 | Lair:5   | Killed Kirke
 28558 | Lair:5   | Reached skill level 16 in Conjurations
 28643 | Lair:6   | Entered Level 6 of the Lair of Beasts
 29959 | Lair:6   | Found a runed translucent door.
 29959 | Lair:6   | Found a viscous altar of Jiyva.
 29960 | Lair:6   | Found a staircase to the Slime Pits.
 30312 | Lair:6   | Learned a level 2 spell: Corpse Rot
 30356 | Lair:6   | Reached ***** piety under Vehumet
 30513 | Lair:6   | Offered knowledge of Eringya's Noxious Bog by Vehumet.
 31461 | Lair:6   | Identified the +6 halberd of Wihefeum {pain, rElec rPois
                  | rCorr Int-3}
 31581 | Lair:6   | Reached skill level 1 in Shields
 32112 | Orc:1    | Entered Level 1 of the Orcish Mines
 32117 | Orc:1    | Noticed Fannar
 32124 | Orc:1    | Killed Fannar
 32395 | Orc:1    | Found Popowyl's Weapon Boutique.
 32465 | Orc:2    | Entered Level 2 of the Orcish Mines
 32465 | Orc:2    | Noticed Urug
 32468 | Orc:2    | Killed Urug
 32665 | Orc:2    | Found a burning altar of Makhleb.
 32884 | Orc:1    | Found a runed translucent door.
 32889 | Orc:1    | Found the +10 tower shield of Ignorance {rN+ Int-4}
 33121 | Orc:1    | Found a runed translucent door.
 33212 | Orc:1    | Found Kebb's General Store.
 33402 | Orc:2    | Found a staircase to the Elven Halls.
 33537 | Orc:2    | Offered knowledge of Olgreb's Toxic Radiance by Vehumet.
 33712 | Orc:2    | Reached skill level 17 in Conjurations
 34207 | Orc:2    | Reached XP level 15. HP: 47/89 MP: 25/35
 34324 | Orc:2    | Found Ynuuluma's Antique Weapon Emporium.
 34324 | Orc:2    | Found Mippec's Antique Weapon Emporium.
 34325 | Orc:2    | Found Uteapnol's Antique Weapon Shop.
 34325 | Orc:2    | Found Tiuloh's Magic Scroll Shop.
 34638 | Orc:2    | Bought a translucent flail for 229 gold pieces
 34638 | Orc:2    | Identified the +7 flail of Prudence {elec, +Blink rF+ Will+
                  | Dex-4} (You bought it in a shop on level 2 of the Orcish
                  | Mines)
 34649 | Orc:2    | Bought a dazzling broad axe for 225 gold pieces
 34649 | Orc:2    | Identified the +3 broad axe of the Shrike {vorpal, Will+}
                  | (You bought it in a shop on level 2 of the Orcish Mines)
 34649 | Orc:2    | Bought an ivory hunting sling for 162 gold pieces
 34649 | Orc:2    | Identified the +8 hunting sling of the Muttering Priest
                  | {flame, rPois rF++ rCorr Dex-3} (You bought it in a shop on
                  | level 2 of the Orcish Mines)
 34665 | Orc:2    | Bought a scroll of teleportation for 42 gold pieces
 34665 | Orc:2    | Bought a scroll of blinking for 105 gold pieces
 34665 | Orc:2    | Bought a scroll of teleportation for 42 gold pieces
 34665 | Orc:2    | Bought a scroll of teleportation for 42 gold pieces
 34707 | Orc:1    | Bought a +6 ring of intelligence for 994 gold pieces
 34920 | D:12     | Reached skill level 15 in Spellcasting
 35413 | D:12     | Found Cutygif's General Store.
 35445 | D:12     | Found Yxkusofi's Armour Boutique.
 35688 | D:12     | Found a runed translucent door.
 35688 | D:12     | Found Epnejudghimn's Assorted Antiques.
 35693 | D:12     | Noticed dickylongcocking's ghost (journeyman DsGl)
 36083 | D:12     | Found Sungyfya's General Store.
 36320 | D:12     | Killed dickylongcocking's ghost
 36479 | D:13     | Noticed Erolcha
 36482 | D:13     | Killed Erolcha
 36598 | D:13     | Found a portal to a secret trove of treasure.
 36654 | D:13     | Noticed Orlauf's ghost (journeyman DsGl)
 36674 | D:13     | Found a runed translucent gate.
 36674 | D:13     | Found a runed translucent gate.
 36737 | D:13     | Found a runed translucent gate.
 37262 | D:13     | Learned a level 7 spell: Spellforged Servitor
 37431 | D:14     | Reached skill level 1 in Summonings
 37461 | D:14     | Found a gate to the Vaults.
 37501 | D:14     | Found a frozen archway.
 37513 | IceCv    | Entered an ice cave
 37557 | IceCv    | Found a transporter.
 37593 | IceCv    | Found a transporter.
 38373 | D:14     | Noticed Snorg
 38377 | D:14     | Killed Snorg
 38641 | Shoals:1 | Entered Level 1 of the Shoals
 38658 | Shoals:1 | Offered knowledge of Ozocubu's Refrigeration by Vehumet.
 39685 | Shoals:1 | Learned a level 6 spell: Iron Shot
 40903 | Shoals:2 | Reached skill level 18 in Conjurations
 40973 | Shoals:2 | Found Dakkaat's Weapon Shop.
 40994 | Shoals:2 | Noticed Frances
 41004 | Shoals:2 | Killed Frances
 41344 | Shoals:2 | Noticed Nikola
 41350 | Shoals:2 | Killed Nikola
 41350 | Shoals:2 | Offered knowledge of Lee's Rapid Deconstruction by Vehumet.
 41351 | Shoals:2 | Reached skill level 5 in Summonings
 41351 | Shoals:2 | Reached XP level 16. HP: 96/96 MP: 24/37
 41552 | Shoals:2 | Found Tuedoel's Antique Weapon Shoppe.
 41568 | Shoals:2 | Bought a bloodstained scimitar for 207 gold pieces
 41568 | Shoals:2 | Identified the +8 scimitar "Yphuegei" {holy, *Rage rC-
                  | Str+3 Int+5} (You bought it in a shop on level 2 of the
                  | Shoals)
 41825 | Shoals:2 | Upgraded the game from 0.27-a0-1281-ge233d83751 to
                  | 0.27-a0-1287-gca74d27db6
 42940 | Shoals:3 | Noticed Donald
 42961 | Shoals:3 | Killed Donald
 43284 | Shoals:4 | Entered Level 4 of the Shoals
 43293 | Shoals:4 | Blew themself up

Illustrated notes

Levels and vault maps discovered:
D:1:      sevenhm_arrival_forest_fort_large_4, layout_basic
D:2:      layout_loops_corners, serial_undead, serial_undead_e, serial_undead_c,
          serial_undead_e, serial_undead_e, kennysheep_generic_room_2,
          uniq_robin, uniq_sigmund
D:3:      layout_basic, shapermc_ecumenical_altar_mp_highgroup,
          ebering_ghost_rock_garden, chequers_decorated_corner
D:4:      layout_rooms, marbit_many_paths, hangedman_abyss_or_decor_lesser_grid,
          nrook_mini_backslash
D:5:      layout_basic, minmay_temple_entry_ruins, uniq_prince_ribbit1,
          uniq_crazy_yiuf_cottage, uniq_eustachio
D:6:      layout_gridville, uniq_pikel
D:7:      layout_loops_ring
D:8:      layout_loops_ring, overflow_temple_1_default, lemuel_doored_altar,
          serial_shops, shop
D:9:      layout_gridville, general_overflow_altar
D:10:     layout_stronghold, orc_david_3, nrook_uturn, minivault_21
D:11:     layout_loops_corners, lair_entry_dummy, gammafunk_ghost_mausoleum,
          grunt_decor_mini_mirrors, hangedman_decor_peaks_small,
          kennysheep_small_spiral, evilmike_minifort, uniq_maurice, uniq_harold
D:12:     layout_loops_ring, ebering_ghost_inner_flame, serial_shops, shop,
          shop, shop, kennysheep_little_box
D:13:     layout_cave_pools, nicolae_trove_entry_isolated,
          maelrawn_ghost_gauntlet_escape, bh_circular_ruins, uniq_erolcha
D:14:     layout_long_grid, david_vaults_1, amethyst_killhole, serial_ice,
          serial_ice_g, serial_ice_b, serial_ice_k, serial_ice_d,
          portal_ice_cave_entry_pillars_1, uniq_snorg
Temple:   compressed_dpeg_circular_temple
Lair:1:   layout_chaotic_city, grunt_megastairs_3, infiniplex_staircase_pool,
          uniq_nergalle
Lair:2:   layout_regular_city, serial_bayou_shore_b, grunt_megastairs_2
Lair:3:   regret_index_wax_grids, layout_cellular_growth, spider_nest_entry_a,
          infiniplex_staircase_pool_2, lemuel_fruit_fields
Lair:4:   layout_cave_pods, shoals_dummy_entry, nzn_sisyphean_effort,
          serial_bayou_shore_b, serial_bayou_shore_a, lemuel_fruit_tree
Lair:5:   nzn_winding_woodlands_medium [nzn_winding_woodlands_5x5_three,
          nzn_winding_woodlands_5x15_jagged, nzn_winding_woodlands_5x5_default,
          nzn_winding_woodlands_5x5_checkerboard,
          nzn_winding_woodlands_center_diamonds,
          nzn_winding_woodlands_hourglass, nzn_winding_woodlands_5x5_default,
          nzn_winding_woodlands_5x15_crooked,
          nzn_winding_woodlands_5x5_open_star], layout_concentric_octagons,
          minivault_11, serial_bayou_pond_d, bobbens_dragon_lair_wall,
          uniq_sonja, uniq_kirke
Lair:6:   minmay_lair_end_enchanted_forest, layout_regular_city, slime_altar_2,
          lemuel_fruit_fields
Shoals:1: layout_shoals
Shoals:2: layout_shoals, serial_shops, shop_fountains, nicolae_shop_trees,
          uniq_nikola, uniq_frances
Shoals:3: layout_shoals, uniq_donald
Shoals:4: shoals_end_simple, layout_shoals
Orc:1:    layout_caves, serial_shops, shop_statue, nicolae_shop_crystal,
          chequers_guarded_unrand_ignorance, uniq_fannar
Orc:2:    st_orc_elflike, layout_caves, basic_altar, uniq_urug

Skill      XL: |  1  2  3  4  5  6  7  8  9 10 11 12 13 14 15 16 |
---------------+-------------------------------------------------+-----
Conjurations   | 2 3 4 5 6 8 9 11 12 13 15 17 18 | 18.3
Spellcasting   | 4 5 6 7 8 10 11 12 13 14 15 16 | 16.0
Air Magic      | 4 5 6 8 9 10 12 13 | 13.3
Fighting       | 2 3 5 6 7 8 9 |  9.7
Stealth        | 6 7 9 |  9.6
Shields        | 2 4 |  4.0
Summonings     | 5 |  5.2
Dodging        | |  2.4

Action                   |  1- 3 |  4- 6 |  7- 9 | 10-12 | 13-15 | 16-18 || total
-------------------------+-------+-------+-------+-------+-------+-------++-------
Melee: Whip              |       |     1 |     5 |       |    61 |       ||    67
       Quarterstaff      |       |       |    16 |    57 |    30 |       ||   103
       Staff             |       |       |       |       |    13 |     2 ||    15
       Flail             |       |       |       |       |     1 |       ||     1
 Cast: Shock             |    50 |    91 |    44 |     6 |       |       ||   191
       Static Discharge  |     5 |    11 |    40 |     5 |    44 |       ||   105
       Airstrike         |       |       |   104 |   225 |   397 |    58 ||   784
       Lightning Bolt    |       |       |     3 |    65 |    47 |       ||   115
       Swiftness         |       |       |       |     1 |       |       ||     1
       Orb of Destructio |       |       |       |     6 |   107 |     4 ||   117
       Iskenderun's Batt |       |       |       |     2 |       |       ||     2
       Spellforged Servi |       |       |       |       |    31 |     3 ||    34
Evoke: Wand              |       |       |       |     6 |       |       ||     6
  Use: Scroll            |       |       |     4 |    12 |    19 |       ||    35
       Potion            |       |       |       |     1 |     1 |       ||     2
 Stab: Sleeping          |       |       |       |       |     1 |       ||     1
Armor: Robe              |     1 |     4 |    14 |    71 |    17 |       ||   107
       Steam dragon scal |       |       |       |       |    24 |       ||    24
       Troll leather arm |       |       |       |       |    47 |     2 ||    49
Dodge: Dodged            |     4 |     1 |    57 |   102 |   160 |     6 ||   330
       Repelled          |       |     1 |     1 |     4 |     8 |       ||    14
Block: Buckler           |       |       |       |       |    41 |     3 ||    44

Table legend: (Time is in decaauts)
 A = Elapsed time spent in this place.
 B = Non-inter-level travel time spent in this place.
 C = Inter-level travel time spent in this place.
 D = Time resting spent in this place.
 E = Time spent auto-exploring this place.
 F = Levels seen in this place.
 G = Mean time per level.
                   A        B        C        D        E       F      G
               +--------+--------+--------+--------+--------+-----+--------+
         Total |  43428 |  41646 |   1782 |   8805 |  27515 |  28 | 1551.0 |
       Dungeon |  20995 |  20294 |    701 |   2553 |  15533 |  14 | 1499.6 |
        Temple |    200 |    158 |     42 |      0 |    157 |   1 |  200.0 |
          Lair |  14717 |  13977 |    740 |   5014 |   7196 |   6 | 2452.8 |
        Shoals |   4678 |   4579 |     99 |    393 |   3337 |   4 | 1169.5 |
  Orcish Mines |   2672 |   2473 |    199 |    746 |   1291 |   2 | 1336.0 |
      Ice Cave |    163 |    163 |      0 |     98 |      0 |   1 |  163.0 |
               +--------+--------+--------+--------+--------+-----+--------+

Top non-repeatable levels by time:
  Lair:5: 3783 daAuts
  Lair:3: 3686 daAuts
    D:11: 3395 daAuts
  Lair:6: 2539 daAuts
  Lair:4: 2249 daAuts
     D:7: 1992 daAuts
    D:10: 1980 daAuts
     D:5: 1718 daAuts
     D:2: 1664 daAuts
Shoals:1: 1638 daAuts
Shoals:2: 1611 daAuts
     D:6: 1508 daAuts
    D:12: 1477 daAuts
Shoals:3: 1420 daAuts
  Lair:1: 1376 daAuts
